 Dungeon Crawl Stone Soup version 0.20-a0-1116-gaa52201 (webtiles) character file.

2478 Naow the Cleaver (level 9, -5/83 HPs)
             Began as a Minotaur Berserker on May 8, 2017.
             Was an Elder of Trog.
             Killed from afar by a frost giant (27 damage)
             ... with a bolt of cold
             ... on level 8 of the Dungeon.
             The game lasted 00:13:24 (7214 turns).

Naow the Cleaver (Minotaur Berserker)               Turns: 7214, Time: 00:13:24

Health: -5/83      AC: 14    Str: 22    XL:     9   Next: 27%
Magic:  17/17      EV:  7    Int:  6    God:    Trog [****..]
Gold:   223        SH:  0    Dex: 11    Spells: 8/8 levels left

rFire    . . .     SeeInvis .   B - +0 war axe
rCold    . . .     Gourm    .   (no shield)
rNeg     . . .     Faith    .   u - +0 plate armour
rPois    .         Spirit   .   (helmet restricted)
rElec    .         Reflect  .   E - +2 cloak
rCorr    .         Harm     .   (no gloves)
MR       +....                  (no boots)
Stlth    ..........             t - amulet of magic regeneration
Regen    0.3/turn               j - ring of protection from magic
MPRegen  0.3/turn               l - ring of magical power

@: no status effects
A: retaliatory headbutt, horns 2
a: Berserk, Trog's Hand, Brothers in Arms, Burn Spellbooks, Renounce Religion


You were on level 8 of the Dungeon.
You worshipped Trog.
Trog was greatly pleased with you.
You were not hungry.

You visited 1 branch of the dungeon, and saw 8 of its levels.

You collected 223 gold pieces.

Inventory:

Hand Weapons
 a - a +0 hand axe
 B - a +0 war axe (weapon)
Armour
 b - a +0 animal skin
 u - a +0 plate armour (worn)
 E - a +2 cloak (worn)
Jewellery
 j - a ring of protection from magic (left hand)
 l - a ring of magical power (right hand)
 t - an amulet of magic regeneration (around neck)
 K - an uncursed ring of positive energy {unknown}
 L - a cursed +4 amulet of reflection {unknown}
 N - a +6 ring of protection {unknown}
Wands
 I - a wand of flame (25/48)
Scrolls
 d - 10 scrolls of identify {unknown}
 e - 3 scrolls of teleportation {unknown}
 f - 4 scrolls of blinking {unknown}
 k - a scroll of enchant armour {unknown}
 r - a scroll of fear {unknown}
 s - 2 scrolls of magic mapping {unknown}
 w - a scroll of random uselessness {unknown}
 x - a scroll of fog {unknown}
 y - 3 scrolls of remove curse {unknown}
 D - 2 scrolls of amnesia {unknown}
 F - 3 scrolls of noise {unknown}
 M - a scroll of enchant weapon {unknown}
Potions
 g - a potion of degeneration {unknown}
 h - 2 potions of resistance {unknown}
 i - 6 potions of curing {unknown}
 n - 4 potions of flight {unknown}
 o - a potion of magic {unknown}
 p - 2 potions of mutation {unknown}
 v - 2 potions of heal wounds {unknown}
 z - a potion of brilliance {unknown}
 C - a potion of lignification {unknown}
 J - a potion of ambrosia {unknown}
Books
 G - a book of Changes

   Spells                             Type                      Level
   a - Beastly Appendage              Transmutation                1
   b - Sticks to Snakes               Transmutation                2
   c - Spider Form                    Transmutation/Poison         3
   d - Ice Form                       Ice/Transmutation            4
   e - Blade Hands                    Transmutation                5
   Trog disapproves of the use of such an item.
Comestibles
 c - 4 bread rations
 m - 9 royal jellies
 q - 4 meat rations
 A - 4 fruits
 H - 8 chunks of flesh


   Skills:
 + Level 9.2 Fighting
 * Level 12.5 Axes
 - Level 2.4 Armour
 - Level 2.1 Dodging


You had 8 spell levels left.
You didn't know any spells.

Dungeon Overview and Level Annotations

Branches:
Dungeon (8/15)             Temple (0/1) D:7
   Lair: D:8-11

Altars:
Cheibriados
Fedhas
Gozag
Hepliaklqana
Kikubaaqudgha
Makhleb
Nemelex Xobeh


Innate Abilities, Weirdness & Mutations

You reflexively headbutt those who attack you in melee.
You have a pair of horns on your head.


Message History

Found a buckler.
A cyclops comes into view.
A vampire mosquito and a freezing wraith come into view.
The vampire mosquito buzzes angrily.
The cyclops shouts!
A yaktaur captain comes into view.
The yaktaur captain shouts!
You hit the frost giant but do no damage.
You headbutt the frost giant, but do no damage.
The cyclops moves out of view.
A harpy comes into view.
You slash the frost giant!
The frost giant is lightly wounded.
The frost giant hits you with a battleaxe of freezing!
The frost giant freezes you!
* * * LOW HITPOINT WARNING * * *
You are too injured to fight recklessly!
Okay, then.
The frost giant gestures at you while chanting.
The bolt of cold hits you!
You die...

##.##.#..#
##........#
##..#......#
#..##......#
##.........#
##........#
##...^...# #
#..######
...##.##@.#
.⌠c.HDC...#
..[##.##..#
# #..# #..#
...# ...#
..## ##


You could see a frost giant, a yaktaur captain, a harpy and an acid dragon.

Vanquished Creatures
  4 slime creatures (D:7)
  2 hungry ghosts (D:7)
  2 sky beasts
  A black bear (D:7)
  An orc warrior (D:6)
  2 ogres (D:4)
  A centaur (D:6)
  2 crimson imps (D:5)
  A jelly (D:6)
  A hound (D:5)
  2 orc priests
  A bullfrog skeleton (D:7)
  4 iguanas
  7 orc wizards
  4 worker ants
  A killer bee zombie (D:5)
  A hound zombie (D:5)
  A hound skeleton (D:7)
  13 adders
  A shadow imp (D:3)
  2 adder skeletons
  2 worms
  A dart slug (D:1)
  2 leopard geckos
  19 orcs
  3 giant cockroaches
  4 goblins
  3 hobgoblins
  6 jackals
  6 quokkas
  A ball python (D:3)
  9 bats
  4 frilled lizards
  A jackal skeleton (D:4)
  4 kobolds
  7 rats
126 creatures vanquished.

Notes
Turn   | Place    | Note
-------+----------+-------------------------------------------
     0 | D:1      | Naow the Minotaur Berserker began the quest for the Orb.
     0 | D:1      | Reached XP level 1. HP: 19/19 MP: 0/0
   592 | D:1      | Reached skill level 4 in Axes
   980 | D:2      | Reached XP level 2. HP: 26/27 MP: 1/1
  1255 | D:2      | Reached XP level 3. HP: 29/33 MP: 2/2
  1384 | D:2      | Reached skill level 5 in Axes
  1533 | D:2      | Found a snail-covered altar of Cheibriados.
  1744 | D:2      | Reached ** piety under Trog
  1980 | D:2      | Reached XP level 4. HP: 40/40 MP: 3/3
  2172 | D:3      | Found a faded altar of an unknown god.
  2754 | D:3      | Noticed a sky beast
  2772 | D:3      | Killed a sky beast
  2772 | D:3      | Reached skill level 5 in Fighting
  2772 | D:3      | Reached skill level 6 in Axes
  2772 | D:3      | Reached XP level 5. HP: 29/48 MP: 4/4
  3427 | D:4      | Reached skill level 7 in Axes
  3560 | D:4      | Noticed an ogre
  3561 | D:4      | Noticed an ogre
  3566 | D:4      | Killed an ogre
  3566 | D:4      | Reached XP level 6. HP: 56/56 MP: 5/5
  3679 | D:4      | Reached skill level 8 in Axes
  3816 | D:4      | Found a sparkling altar of Nemelex Xobeh.
  3922 | D:5      | Entered Level 5 of the Dungeon
  3957 | D:5      | Reached *** piety under Trog
  4039 | D:5      | Reached XP level 7. HP: 55/63 MP: 6/6
  4264 | D:5      | Found a hazy altar of Hepliaklqana.
  4264 | D:5      | Found a burning altar of Makhleb.
  4272 | D:5      | Found an opulent altar of Gozag.
  4275 | D:5      | Found a blossoming altar of Fedhas.
  4275 | D:5      | Found an ancient bone altar of Kikubaaqudgha.
  4450 | D:5      | Reached skill level 9 in Axes
  5419 | D:6      | Reached XP level 8. HP: 54/73 MP: 7/7
  5544 | D:6      | Reached skill level 10 in Axes
  5789 | D:7      | Noticed a slime creature
  5790 | D:7      | Noticed a slime creature
  5791 | D:7      | Noticed a slime creature
  5801 | D:7      | Noticed a slime creature
  5804 | D:7      | Killed a slime creature
  5804 | D:7      | Killed a slime creature
  5804 | D:7      | Reached skill level 11 in Axes
  5806 | D:7      | Killed a slime creature
  5811 | D:7      | Killed a slime creature
  6132 | D:7      | Found a staircase to the Ecumenical Temple.
  6539 | D:7      | Reached skill level 12 in Axes
  6539 | D:7      | Reached XP level 9. HP: 81/82 MP: 8/8
  6550 | D:7      | Reached **** piety under Trog
  7210 | D:8      | Noticed a frost giant
  7211 | D:8      | Noticed a cyclops
  7211 | D:8      | Noticed a freezing wraith
  7212 | D:8      | Noticed a yaktaur captain
  7213 | D:8      | Noticed a harpy
  7214 | D:8      | Killed from afar by a frost giant

Vault maps used:
D:1:      evilmike_arrival_home_sweet_home
D:2:      cheibriados_altar_1
D:3:      first_bread, chequers_ecumenical_altar_simple_redux,
          kennysheep_generic_room_6
D:4:      nemelex_altar_shiori
D:5:      grunt_temple_overflow_open
D:7:      minmay_temple_entry_nine_rooms, minmay_misc_feat_diagonals
D:8:      minmay_the_grid_octo_2x2

Skill      XL: |  1  2  3  4  5  6  7  8  9 |
---------------+----------------------------+-----
Axes           | 4 5 6 7 8 9 12 | 12.5
Fighting       | 4 5 6 7 8 9 |  9.2
Armour         | |  2.4
Dodging        | |  2.1

Action                   |  1- 3 |  4- 6 |  7- 9 || total
-------------------------+-------+-------+-------++-------
Melee: Hand axe          |    70 |   130 |     8 ||   208
       Headbutt          |     5 |    18 |    35 ||    58
       War axe           |       |       |   183 ||   183
Invok: Berserk           |     1 |     1 |     1 ||     3
 Stab: Sleeping          |       |     1 |       ||     1
  Eat: Chunk             |     4 |     7 |    14 ||    25
       Fruit             |       |       |     1 ||     1
Armor: Animal skin       |    11 |     1 |       ||    12
       Plate armour      |       |    61 |    97 ||   158
Dodge: Dodged            |    54 |    38 |    65 ||   157
